 Dungeon Crawl Stone Soup version 0.24-a0-586-g8e0e932a4c (webtiles) character file.

Game seed: 14317267569535516779, levelgen mode: deterministic

18 MenacingMecha the Charmwright (level 2, -4/19 HPs)
             Began as a Halfling Skald on Sept 7, 2019.
             Slain by a bullfrog skeleton (6 damage)
             ... on level 2 of the Dungeon.
             The game lasted 00:01:10 (851 turns).

MenacingMecha the Charmwright (Halfling Skald)       Turns: 851, Time: 00:01:11

Health: -4/19      AC:  3    Str: 12    XL:     2   Next: 90%
Magic:  4/4        EV: 14    Int: 11    God:
Gold:   0          SH:  0    Dex: 13    Spells: 3/4 levels left

rFire    . . .     SeeInvis .   a - +0 falchion
rCold    . . .     Gourm    .   (shield restricted)
rNeg     . . .     Faith    .   b - +0 leather armour
rPois    .         Spirit   .   (no helmet)
rElec    .         Reflect  .   (no cloak)
rCorr    .         Harm     .   (no gloves)
MR       .....                  (no boots)
Stlth    +.........             (no amulet)
HPRegen  0.06/turn              (no ring)
MPRegen  0.09/turn              (no ring)

@: no status effects
A: small, mutation resistance 1
a: no special abilities


You were on level 2 of the Dungeon.
You were not hungry.

You visited 1 branch of the dungeon, and saw 2 of its levels.

Inventory:

Hand Weapons
 a - a +0 falchion (weapon)
Missiles
 e - 7 boomerangs
Armour
 b - a +0 leather armour (worn)
Jewellery
 c - a cursed +2 ring of intelligence {unknown}
   (You found it on level 1 of the Dungeon)
 i - an uncursed ring of stealth {unknown}
   (You found it on level 1 of the Dungeon)
 n - an uncursed ring of wizardry {unknown}
   (You found it on level 2 of the Dungeon)
Scrolls
 f - a scroll of teleportation {unknown}
 g - a scroll of enchant weapon {unknown}
 h - a scroll of enchant armour {unknown}
 j - a scroll of random uselessness {unknown}
 k - 3 scrolls of identify {unknown}
Potions
 l - a potion of mutation {unknown}
Comestibles
 d - 3 rations
 m - 3 chunks of flesh


   Skills:
 - Level 1.7 Fighting
 + Level 3.2 Long Blades
 - Level 1.1 Armour
 - Level 2.1 Dodging
 - Level 1.5 Spellcasting
 - Level 3.2 Charms


You had 3 spell levels left.
You knew the following spells:

 Your Spells              Type           Power        Failure   Level  Hunger
a - Infusion              Chrm           #...         10%         1    ##.....

Your spell library contained the following spells:

 Spells                   Type           Power        Failure   Level  Hunger
 Song of Slaying          Chrm           #.......     16%         2    ###....
 Shroud of Golubria       Chrm/Tloc      #.....       30%         2    ###....
 Regeneration             Chrm/Necr      #.........   52%         3    ####...
 Spectral Weapon          Hex/Chrm       #.......     52%         3    ####...


Dungeon Overview and Level Annotations

Branches:
Dungeon (2/15)

Altars:


Innate Abilities, Weirdness & Mutations

You are small and have problems with some larger weapons.
You are somewhat resistant to further mutation.


Message History

A worm and a hobgoblin come into view.
The hobgoblin shouts!
The goblin shouts!
An iguana comes into view.
You barely miss the worm.
The iguana hisses angrily.
A bat comes into view.
A dart slug comes into view.
A bullfrog skeleton comes into view.
The bat moves out of view.
You hit the worm.
The worm is lightly wounded.
The worm closely misses you.
You slash the worm!
The worm is heavily wounded.
The worm closely misses you.
You riposte.
You hit the worm.
The worm is heavily wounded.
You hit the worm.
The worm is almost dead.
The goblin hits you but does no damage.
You barely miss the worm.
The worm is almost dead.
The goblin closely misses you. The worm barely misses you.
The goblin barely misses you.
You barely miss the worm.
The worm is severely wounded.
You completely miss the worm.
The worm is severely wounded.
The worm bites you.
You barely miss the worm.
The worm is severely wounded.
The worm barely misses you.
You hit the worm but do no damage.
The worm is severely wounded.
You hit the worm.
The worm is severely wounded.
The worm closely misses you.
You hit the worm.
You kill the worm!
The bullfrog skeleton hits you.
You barely miss the bullfrog skeleton. The bullfrog skeleton hits you.
You barely miss the bullfrog skeleton.
The bullfrog skeleton closely misses you.
You hit the bullfrog skeleton.
The bullfrog skeleton is lightly damaged.
The bullfrog skeleton misses you.
You riposte.
You hit the bullfrog skeleton.
The bullfrog skeleton is lightly damaged.
The bullfrog skeleton completely misses you.
You riposte.
You hit the bullfrog skeleton.
The bullfrog skeleton is lightly damaged.
You hit the bullfrog skeleton.
The bullfrog skeleton is moderately damaged.
The bullfrog skeleton closely misses you.
You riposte.
You hit the bullfrog skeleton.
The bullfrog skeleton is moderately damaged.
You barely miss the bullfrog skeleton.
The bullfrog skeleton is moderately damaged.
The bullfrog skeleton completely misses you.
The bullfrog skeleton hits you.
You hit the bullfrog skeleton.
The bullfrog skeleton is heavily damaged.
The bullfrog skeleton hits you.
You are too injured to fight recklessly!
You are too injured to fight recklessly!
You are too injured to fight recklessly!
You are too injured to fight recklessly!
You are too injured to fight recklessly!
You are too injured to fight recklessly!
You are too injured to fight recklessly!
You are too injured to fight recklessly!
You are too injured to fight recklessly!
You are too injured to fight recklessly!
You are too injured to fight recklessly!
You are too injured to fight recklessly!
You are too injured to fight recklessly!
You are too injured to fight recklessly!
You are too injured to fight recklessly!
You are too injured to fight recklessly!
You are too injured to fight recklessly!
You are too injured to fight recklessly!
You are too injured to fight recklessly!
You are too injured to fight recklessly!
You are too injured to fight recklessly!
You are too injured to fight recklessly!
You are too injured to fight recklessly!
You are too injured to fight recklessly!
You are too injured to fight recklessly!
You are too injured to fight recklessly!
You are too injured to fight recklessly!
You are too injured to fight recklessly!
You are too injured to fight recklessly!
You hit the bullfrog skeleton.
The bullfrog skeleton is heavily damaged.
The bullfrog skeleton hits you.
* * * LOW HITPOINT WARNING * * *
You hit the bullfrog skeleton.
The bullfrog skeleton is severely damaged.
The bullfrog skeleton hits you.
* * * LOW HITPOINT WARNING * * *
The bullfrog skeleton completely misses you.
The bullfrog skeleton hits you.
You die...

##........#.
..........b
#.........#
#..l......#
#..wg......
#w# #g# #Z#
#@# #.# #.#
#.## #..#
##.# #.# #.#
#.#


You could see an iguana, 2 dart slugs, a hobgoblin, a goblin and a bullfrog
skeleton.

Vanquished Creatures
  A worm (D:2)
  A dart slug (D:2)
  2 giant cockroaches
  A hobgoblin (D:1)
  4 bats
  2 frilled lizards (D:1)
  3 goblins (D:1)
14 creatures vanquished.

Notes
Turn   | Place    | Note
-------+----------+-------------------------------------------
     0 | D:1      | MenacingMecha the Halfling Skald began the quest for the
                  | Orb.
     0 | D:1      | Reached XP level 1. HP: 14/14 MP: 3/3
   151 | D:1      | Reached XP level 2. HP: 19/19 MP: 4/4
   768 | D:2      | Reached skill level 3 in Long Blades
   848 | D:2      | HP: 4/19 [bullfrog skeleton (4)]
   851 | D:2      | Slain by a bullfrog skeleton

Levels and vault maps discovered:
D:1:      dpeg_arrival_three_smaller_balls, layout_loops_ring
D:2:      layout_loops_ring, first_ration

Skill      XL: |  1  2 |
---------------+-------+-----
Long Blades    | 3 |  3.2
Fighting       | |  1.7
Armour         | |  1.1
Dodging        | |  2.1
Spellcasting   | |  1.5
Charms         | |  3.2

Action                   || total
-------------------------++-------
Melee: Falchion          ||    62
Armor: Leather armour    ||    12
Dodge: Dodged            ||    50
       Rpst.: Falchion   ||    16

Table legend:
 A = Non-vault XP
 B = Vault XP
 C = Vault XP percentage of total XP
 D = Non-vault monster count
 E = Vault monster count
 F = Vault count percentage of total count
                 A         B        C        D         E       F
            +---------+---------+-------+---------+---------+-------
      Total |      27 |       0 |   0.0 |      14 |       0 |   0.0
            +---------+---------+-------+---------+---------+-------
        D:1 |      14 |       0 |   0.0 |      10 |       0 |   0.0
        D:2 |      13 |       0 |   0.0 |       4 |       0 |   0.0
            +---------+---------+-------+---------+---------+-------

Levels and vault maps discovered:
D:1:      dpeg_arrival_three_smaller_balls, layout_loops_ring
D:2:      layout_loops_ring, first_ration

Table legend:
 A = Turns spent in this place as a percentage of turns spent in the entire game.
 B = Non-inter-level travel turns spent in this place as a percentage of non-inter-level travel turns spent in the entire game.
 C = Inter-level travel turns spent in this place as a percentage of turns spent in this place.
 D = Turns resting spent in this place as a percentage of non-inter-level travel turns spent in this place.
 E = Turns spent auto-exploring this place as a percentage of non-inter-level travel turns spent in this place.
 F = Non-inter-level travel turns spent in this place divided by the number of levels of this place that you've seen.
                   A       B       C       D       E      F
               +-------+-------+-------+-------+-------+----------------------
         Total | 100.0 | 100.0 |   2.5 |   0.0 |  77.1 | 415.0
       Dungeon | 100.0 | 100.0 |   2.5 |   0.0 |  77.1 | 415.0
               +-------+-------+-------+-------+-------+----------------------

Table legend:
 A = Kills in this place as a percentage of kills in entire the game.
 B = Kills by you in this place as a percentage of kills by you in the entire game.
 C = Kills by friends in this place as a percentage of kills by friends in the entire game.
 D = Other kills in this place as a percentage of other kills in the entire game.
 E = Experience gained in this place as a percentage of experience gained in the entire game.
 F = Experience gained in this place divided by the number of levels of this place that you have seen.
                   A       B       C       D       E      F
               +-------+-------+-------+-------+-------+----------------------
         Total | 100.0 | 100.0 |   N/A |   N/A | 100.0 |  13.5
       Dungeon | 100.0 | 100.0 |   N/A |   N/A | 100.0 |  13.5
               +-------+-------+-------+-------+-------+----------------------
